General information
- name: BNet
- type: Ladder team game (AT/RT)
- host: Battle.net
- saver: CAVS-RSUPERTEAM
map: Deadlands
- players: 8
- length: 69:27
- speed: Fast
- version: 1.28 W3XP
- replay type: Public
» download(574 KB)
Players
team 1 (winner)

»
Leandro0001 (
red | 53 APM | 3671 actions | 69:26)
5 Keeper of the Grove
3 Entangling Roots
2 Thorns Aura
5 Priestess of the Moon
3 Trueshot Aura
2 Scout
» actions
| Assign group hotkey | 63 | |
| Basic commands | 2 | |
| Build / train | 78 | |
| ESC pressed | 1 | |
| Enter build submenu | 16 | |
| Enter hero's abilities submenu | 10 | |
| Give item / drop item | 2 | |
| Remove unit from queue | 3 | |
| Right click | 1831 | |
| Select / deselect | 489 | |
| Select group hotkey | 1076 | |
| Use ability | 99 | |
3671 total
» units
| Wisp | 10 | |
| Archer | 5 | |
| Chimaera | 10 | |
| Druid of the Claw | 4 | |
| Dryad | 11 | |
40 total
» upgrades
| Strength of the Wild | 3 | |
| Reinforced Hides | 3 | |
| Corrosive Breath | 1 | |
| Ultravision | 1 | |
| Well Spring | 1 | |
| Druid of the Claw Training | 2 | |
| Mark of the Claw | 1 | |
| Abolish Magic | 1 | |
13 total
» buildings
| Altar of Elders | 1 | |
| Moon Well | 7 | |
| Ancient of War | 1 | |
| Tree of Ages | 1 | |
| Hunter's Hall | 1 | |
| Tree of Eternity | 1 | |
| Ancient of Wonders | 1 | |
| Ancient of Wind | 1 | |
| Chimaera Roost | 2 | |
| Ancient of Lore | 1 | |
17 total
» build order
00:29 Altar of Elders
00:44 Moon Well
01:14 Ancient of War
01:56 Moon Well
02:23 Moon Well
03:36 Tree of Ages
03:41 Hunter's Hall
04:19 Moon Well
05:57 Tree of Eternity
07:10 Ancient of Wonders
07:13 Ancient of Wind
08:26 Chimaera Roost
08:31 Chimaera Roost
12:44 Moon Well
15:08 Ancient of Lore
19:53 Moon Well
51:15 Moon Well
» items
| Orb of Venom | 1 | |
| Potion of Healing | 3 | |
| Scroll of Town Portal | 2 | |
| Orb of Lightning | 1 | |
| Healing Salve | 1 | |
8 total

»
Intrigue (
blue | 44 APM | 2674 actions | 61:13)
4 Dark Ranger
2 Black Arrow
2 Silence
3 Naga Sea Witch
2 Frost Arrows
1 Forked Lightning
2 Priestess of the Moon
1 Trueshot Aura
1 Scout
» actions
| Assign group hotkey | 132 | |
| Build / train | 70 | |
| ESC pressed | 3 | |
| Enter build submenu | 25 | |
| Enter hero's abilities submenu | 9 | |
| Give item / drop item | 4 | |
| Right click | 1196 | |
| Select / deselect | 352 | |
| Select group hotkey | 821 | |
| Use ability | 62 | |
2674 total
» units
| Wisp | 15 | |
| Archer | 6 | |
| Huntress | 1 | |
| Dryad | 6 | |
| Druid of the Talon | 2 | |
| Chimaera | 12 | |
| Hippogryph | 3 | |
45 total
» upgrades
| Corrosive Breath | 1 | |
| Reinforced Hides | 3 | |
| Strength of the Wild | 1 | |
5 total
» buildings
| Moon Well | 10 | |
| Altar of Elders | 2 | |
| Ancient of War | 1 | |
| Tree of Ages | 1 | |
| Hunter's Hall | 2 | |
| Tree of Eternity | 1 | |
| Ancient of Lore | 1 | |
| Ancient of Wind | 1 | |
| Ancient of Wonders | 1 | |
| Chimaera Roost | 2 | |
| Tree of Life | 2 | |
24 total
» build order
00:36 Moon Well
00:41 Altar of Elders
01:11 Ancient of War
01:39 Moon Well
01:58 Moon Well
03:26 Tree of Ages
04:15 Hunter's Hall
04:19 Hunter's Hall
04:29 Moon Well
05:49 Tree of Eternity
05:52 Ancient of Lore
05:55 Ancient of Wind
05:58 Ancient of Wonders
08:15 Chimaera Roost
08:19 Chimaera Roost
08:31 Moon Well
08:33 Moon Well
15:19 Tree of Life
27:01 Tree of Life
33:14 Moon Well
33:18 Altar of Elders
33:22 Moon Well
33:24 Moon Well
33:28 Moon Well
» items
| Scroll of Town Portal | 3 | |
| Potion of Healing | 1 | |
| Orb of Lightning | 2 | |
6 total
CAVS-RSUPERTEAM (
pink | 61 APM | 4214 actions | 69:27)
8 Goblin Tinker
3 Pocket Factory
1 Cluster Rockets
3 Engineering Upgrade
1 Robo-Goblin
» actions
| Assign group hotkey | 57 | |
| Basic commands | 202 | |
| Build / train | 88 | |
| Enter build submenu | 56 | |
| Enter hero's abilities submenu | 8 | |
| Give item / drop item | 4 | |
| Remove unit from queue | 2 | |
| Right click | 1526 | |
| Select / deselect | 525 | |
| Select group hotkey | 1095 | |
| Use ability | 651 | |
4214 total
» units
| Peon | 18 | |
| Goblin Shredder | 2 | |
| Wind Rider | 13 | |
| Goblin Zeppelin | 1 | |
| Raider | 2 | |
36 total
» upgrades
| Ranged Weapons | 2 | |
| Reinforced Defenses | 1 | |
| Liquid Fire | 1 | |
| Armor | 2 | |
| Envenomed Spears | 1 | |
| Ensnare | 1 | |
| Melee Weapons | 2 | |
| Pillage | 1 | |
11 total
» buildings
| Altar of Storms | 1 | |
| Orc Burrow | 7 | |
| Voodoo Lounge | 1 | |
| Stronghold | 2 | |
| War Mill | 1 | |
| Great Hall | 6 | |
| Watch Tower | 80 | |
| Fortress | 2 | |
| Beastiary | 5 | |
105 total
» build order
00:06 Altar of Storms
00:19 Orc Burrow
00:49 Voodoo Lounge
02:08 Stronghold
02:08 Stronghold
02:34 War Mill
02:37 Orc Burrow
02:39 Orc Burrow
02:39 Orc Burrow
04:46 Great Hall
05:00 Watch Tower
05:05 Great Hall
05:10 Great Hall
05:15 Watch Tower
05:17 Watch Tower
05:26 Watch Tower
05:47 Watch Tower
06:30 Fortress
06:31 Fortress
06:34 Watch Tower
06:38 Watch Tower
06:49 Watch Tower
06:56 Watch Tower
07:24 Beastiary
07:33 Beastiary
08:05 Beastiary
08:52 Watch Tower
08:52 Watch Tower
10:12 Watch Tower
10:17 Watch Tower
11:19 Great Hall
11:36 Watch Tower
11:36 Watch Tower
11:37 Watch Tower
11:37 Watch Tower
11:37 Watch Tower
12:32 Watch Tower
12:38 Beastiary
12:47 Watch Tower
12:49 Watch Tower
13:07 Watch Tower
13:25 Watch Tower
13:27 Watch Tower
14:24 Watch Tower
14:25 Watch Tower
14:25 Watch Tower
14:48 Watch Tower
15:38 Orc Burrow
15:53 Watch Tower
15:54 Watch Tower
15:54 Watch Tower
18:08 Beastiary
19:18 Watch Tower
19:19 Watch Tower
19:19 Watch Tower
19:20 Watch Tower
19:20 Watch Tower
19:21 Watch Tower
19:21 Watch Tower
19:22 Watch Tower
19:22 Watch Tower
19:22 Watch Tower
19:28 Watch Tower
20:42 Watch Tower
20:43 Watch Tower
20:52 Watch Tower
20:52 Watch Tower
21:45 Watch Tower
22:29 Watch Tower
22:32 Watch Tower
22:49 Watch Tower
23:41 Watch Tower
23:43 Watch Tower
23:50 Watch Tower
23:50 Watch Tower
23:51 Watch Tower
23:53 Watch Tower
23:53 Watch Tower
24:03 Orc Burrow
31:50 Great Hall
31:52 Watch Tower
31:52 Watch Tower
31:53 Watch Tower
31:53 Watch Tower
31:54 Watch Tower
31:54 Watch Tower
31:55 Watch Tower
33:03 Watch Tower
33:03 Watch Tower
33:04 Watch Tower
33:04 Watch Tower
34:50 Watch Tower
34:50 Watch Tower
34:50 Watch Tower
45:14 Great Hall
45:19 Watch Tower
45:19 Watch Tower
45:19 Watch Tower
45:20 Watch Tower
45:22 Watch Tower
45:22 Watch Tower
45:22 Watch Tower
45:23 Watch Tower
45:23 Watch Tower
47:13 Orc Burrow
» items
| Healing Salve | 5 | |
| Staff of Teleportation | 2 | |
| Lesser Clarity Potion | 2 | |
| Scroll of Town Portal | 8 | |
| Orb of Lightning | 1 | |
| Scroll of Healing | 1 | |
| Potion of Lesser Invulnerability | 3 | |
| Potion of Invisibility | 1 | |
| Boots of Speed | 1 | |
24 total
tyukl (
orange | 82 APM | 4825 actions | 58:49)
5 Keeper of the Grove
3 Force of Nature
1 Entangling Roots
1 Thorns Aura
4 Priestess of the Moon
2 Scout
2 Trueshot Aura
3 Dark Ranger
2 Black Arrow
1 Silence
» actions
| Assign group hotkey | 45 | |
| Basic commands | 115 | |
| Build / train | 88 | |
| Enter build submenu | 21 | |
| Enter hero's abilities submenu | 13 | |
| Right click | 1482 | |
| Select / deselect | 502 | |
| Select group hotkey | 2440 | |
| Use ability | 118 | |
4825 total
» units
| Wisp | 21 | |
| Archer | 21 | |
| Hippogryph | 21 | |
63 total
» upgrades
| Improved Bows | 1 | |
| Moon Armor | 1 | |
| Strength of the Moon | 1 | |
| Hippogryph Taming | 1 | |
| Marksmanship | 1 | |
5 total
» buildings
| Moon Well | 10 | |
| Altar of Elders | 2 | |
| Ancient of War | 2 | |
| Tree of Life | 3 | |
| Tree of Ages | 1 | |
| Hunter's Hall | 1 | |
| Tree of Eternity | 1 | |
| Ancient of Wind | 2 | |
| Ancient of Wonders | 1 | |
23 total
» build order
01:52 Moon Well
02:12 Altar of Elders
03:02 Ancient of War
03:06 Moon Well
03:17 Ancient of War
03:36 Moon Well
03:57 Moon Well
05:55 Tree of Life
06:55 Tree of Ages
07:34 Moon Well
07:55 Moon Well
08:46 Hunter's Hall
10:17 Tree of Eternity
10:20 Ancient of Wind
10:24 Ancient of Wind
12:33 Ancient of Wonders
12:49 Moon Well
12:49 Moon Well
17:47 Tree of Life
26:56 Tree of Life
28:00 Altar of Elders
28:04 Moon Well
29:13 Moon Well
» items
| Scroll of Town Portal | 2 | |
| Orb of Venom | 1 | |
3 total
team 2 (loser)

»
xxwizardfacexx (
teal | 50 APM | 609 actions | 12:15)
2 Tauren Chieftain
1 War Stomp
1 Endurance Aura
» actions
| Assign group hotkey | 18 | |
| Build / train | 38 | |
| Enter build submenu | 21 | |
| Enter hero's abilities submenu | 2 | |
| Remove unit from queue | 1 | |
| Right click | 228 | |
| Select / deselect | 119 | |
| Select group hotkey | 144 | |
| Use ability | 38 | |
609 total
» units
| Peon | 15 | |
| Grunt | 3 | |
| Troll Headhunter/Berserker | 5 | |
23 total
» upgrades
| Melee Weapons | 2 | |
| Armor | 2 | |
| Berserker Strength | 1 | |
| Reinforced Defenses | 1 | |
6 total
» buildings
| Orc Burrow | 6 | |
| Altar of Storms | 1 | |
| Barracks | 1 | |
| War Mill | 1 | |
| Voodoo Lounge | 2 | |
| Watch Tower | 7 | |
| Great Hall | 2 | |
| Stronghold | 1 | |
| Fortress | 1 | |
| Spirit Lodge | 2 | |
| Tauren Totem | 2 | |
26 total
» build order
00:22 Orc Burrow
00:27 Altar of Storms
01:09 Barracks
01:40 Orc Burrow
02:24 War Mill
03:14 Voodoo Lounge
03:35 Orc Burrow
06:01 Watch Tower
06:02 Watch Tower
06:08 Great Hall
06:16 Great Hall
06:20 Watch Tower
06:22 Watch Tower
06:26 Watch Tower
07:03 Stronghold
07:20 Watch Tower
07:36 Voodoo Lounge
08:02 Orc Burrow
08:36 Watch Tower
09:39 Fortress
10:13 Orc Burrow
10:19 Spirit Lodge
10:20 Spirit Lodge
10:42 Orc Burrow
12:02 Tauren Totem
12:04 Tauren Totem
» items

»
Dabu (
yellow | 43 APM | 2297 actions | 52:56)
6 Crypt Lord
3 Carrion Beetles
2 Spiked Carapace
1 Locust Swarm
3 Death Knight
2 Death Coil
1 Unholy Aura
5 Dark Ranger
3 Black Arrow
2 Silence
» actions
| Assign group hotkey | 155 | |
| Basic commands | 44 | |
| Build / train | 87 | |
| ESC pressed | 13 | |
| Enter build submenu | 45 | |
| Enter hero's abilities submenu | 15 | |
| Give item / drop item | 2 | |
| Right click | 891 | |
| Select / deselect | 458 | |
| Select group hotkey | 496 | |
| Use ability | 91 | |
2297 total
» units
| Acolyte | 22 | |
| Ghoul | 3 | |
| Crypt Fiend | 4 | |
| Goblin Shredder | 2 | |
| Abomination | 3 | |
| Obsidian Statue | 1 | |
| Tauren | 3 | |
| Gargoyle | 6 | |
44 total
» upgrades
| Creature Attack | 2 | |
| Creature Carapace | 2 | |
| Web | 1 | |
| Burrow | 1 | |
| Unholy Strength | 2 | |
| Unholy Armor | 2 | |
| Disease Cloud | 1 | |
| Melee Weapons | 1 | |
| Armor | 1 | |
| Ranged Weapons | 1 | |
14 total
» buildings
| Ziggurat | 19 | |
| Crypt | 2 | |
| Altar of Darkness | 1 | |
| Graveyard | 1 | |
| Nerubian Tower | 2 | |
| Tomb of Relics | 4 | |
| Halls of the Dead | 1 | |
| Necropolis | 4 | |
| Spirit Tower | 6 | |
| Black Citadel | 1 | |
| Slaughterhouse | 2 | |
43 total
» build order
00:08 Ziggurat
00:15 Crypt
01:10 Altar of Darkness
01:20 Graveyard
01:54 Ziggurat
02:25 Crypt
02:52 Nerubian Tower
03:29 Ziggurat
04:42 Tomb of Relics
06:12 Ziggurat
06:52 Halls of the Dead
07:01 Ziggurat
07:02 Ziggurat
07:04 Ziggurat
07:08 Ziggurat
07:31 Ziggurat
07:39 Necropolis
07:43 Tomb of Relics
07:59 Spirit Tower
08:01 Nerubian Tower
08:36 Spirit Tower
08:50 Spirit Tower
10:05 Black Citadel
10:25 Ziggurat
10:42 Ziggurat
10:45 Ziggurat
11:30 Ziggurat
11:51 Slaughterhouse
11:53 Slaughterhouse
12:35 Spirit Tower
12:40 Spirit Tower
15:18 Necropolis
20:12 Necropolis
20:48 Necropolis
22:49 Tomb of Relics
22:51 Tomb of Relics
23:08 Ziggurat
23:09 Ziggurat
23:11 Ziggurat
23:12 Ziggurat
23:14 Ziggurat
23:51 Ziggurat
24:13 Spirit Tower
» items
OBSOLETE (
green | 110 APM | 5677 actions | 51:26)
7 Archmage
3 Summon Water Elemental
3 Brilliance Aura
1 Mass Teleport
5 Mountain King
3 Storm Bolt
2 Bash
1 Far Seer
1 Chain Lighting
4 Paladin
2 Holy Light
2 Divine Shield
3 Tauren Chieftain
2 Endurance Aura
1 War Stomp
» actions
| Assign group hotkey | 160 | |
| Basic commands | 177 | |
| Build / train | 132 | |
| ESC pressed | 32 | |
| Enter build submenu | 59 | |
| Enter hero's abilities submenu | 20 | |
| Remove unit from queue | 1 | |
| Right click | 2187 | |
| Select / deselect | 1000 | |
| Select group hotkey | 1600 | |
| Use ability | 309 | |
5677 total
» units
| Peasant | 24 | |
| Footman | 7 | |
| Spell Breaker | 6 | |
| Knight | 1 | |
| Peon | 3 | |
| Tauren | 4 | |
| Troll Batrider | 22 | |
| Raider | 3 | |
| Demolisher | 3 | |
73 total
» upgrades
| Masonry | 2 | |
| Lumber Harvesting | 1 | |
| Swords | 3 | |
| Plating | 3 | |
| Animal War Training | 1 | |
| Pulverize | 1 | |
| Backpack | 0 | |
| Control Magic | 1 | |
| Liquid Fire | 1 | |
| Ensnare | 1 | |
| Burning Oil | 1 | |
| Witch Doctor Training | 1 | |
16 total
» buildings
| Altar of Kings | 1 | |
| Farm | 13 | |
| Barracks | 1 | |
| Scout Tower | 11 | |
| Arcane Tower | 1 | |
| Lumber Mill | 2 | |
| Town Hall | 2 | |
| Keep | 1 | |
| Arcane Vault | 2 | |
| Guard Tower | 6 | |
| Arcane Sanctum | 2 | |
| Blacksmith | 1 | |
| Castle | 1 | |
| Orc Burrow | 2 | |
| Beastiary | 3 | |
| Great Hall | 1 | |
| Watch Tower | 13 | |
63 total
» build order
00:33 Altar of Kings
00:48 Farm
00:51 Barracks
01:19 Farm
01:41 Scout Tower
01:43 Scout Tower
01:51 Farm
01:57 Farm
02:10 Arcane Tower
02:43 Lumber Mill
04:28 Town Hall
04:44 Scout Tower
04:45 Scout Tower
04:48 Scout Tower
04:55 Scout Tower
04:58 Keep
05:11 Arcane Vault
05:16 Guard Tower
05:18 Guard Tower
05:24 Scout Tower
05:41 Guard Tower
05:52 Farm
06:02 Guard Tower
07:20 Arcane Sanctum
07:24 Arcane Sanctum
07:33 Blacksmith
09:20 Castle
10:05 Arcane Vault
10:08 Scout Tower
10:37 Farm
10:39 Farm
10:41 Farm
10:45 Lumber Mill
13:36 Orc Burrow
15:39 Farm
16:22 Beastiary
16:26 Beastiary
16:28 Beastiary
17:56 Orc Burrow
18:32 Farm
18:34 Farm
18:36 Farm
19:07 Farm
21:58 Town Hall
22:00 Scout Tower
22:44 Guard Tower
22:46 Scout Tower
23:17 Guard Tower
23:18 Scout Tower
34:12 Great Hall
34:14 Watch Tower
34:15 Watch Tower
34:16 Watch Tower
34:18 Watch Tower
35:00 Watch Tower
35:03 Watch Tower
35:05 Watch Tower
35:08 Watch Tower
36:15 Watch Tower
36:24 Watch Tower
36:43 Watch Tower
41:34 Watch Tower
44:37 Watch Tower
» items
| Potion of Healing | 2 | |
| Scroll of Town Portal | 4 | |
| Scroll of Regeneration | 2 | |
| Orb of Fire | 1 | |
9 total
WallySquad (
purple | 51 APM | 3551 actions | 69:26)
10 Blademaster
3 Wind Walk
3 Critical Strike
1 Bladestorm
3 Mirror Image
1 Mountain King
1 Avatar
1 Archmage
1 Blizzard
» actions
| Assign group hotkey | 198 | |
| Basic commands | 43 | |
| Build / train | 155 | |
| Enter build submenu | 56 | |
| Enter hero's abilities submenu | 12 | |
| Give item / drop item | 17 | |
| Remove unit from queue | 7 | |
| Right click | 1656 | |
| Select / deselect | 699 | |
| Select group hotkey | 350 | |
| Use ability | 358 | |
3551 total
» units
| Peon | 14 | |
| Grunt | 4 | |
| Goblin Shredder | 2 | |
| Troll Batrider | 15 | |
| Goblin Zeppelin | 1 | |
| Wind Rider | 7 | |
| Peasant | 5 | |
| Goblin Sapper | 1 | |
49 total
» upgrades
| Reinforced Defenses | 1 | |
| Ranged Weapons | 5 | |
| Armor | 3 | |
| Liquid Fire | 1 | |
| Troll Regeneration | 2 | |
| Envenomed Spears | 2 | |
| Ensnare | 1 | |
| Pillage | 1 | |
| Melee Weapons | 3 | |
| Spiked Barricades | 2 | |
| Shaman Training | 2 | |
| Witch Doctor Training | 1 | |
| Spirit Walker Training | 1 | |
| Berserker Upgrade | 1 | |
| War Drums Damage Increase | 1 | |
27 total
» buildings
| Orc Burrow | 5 | |
| Altar of Storms | 1 | |
| Barracks | 1 | |
| Voodoo Lounge | 4 | |
| Stronghold | 1 | |
| War Mill | 2 | |
| Great Hall | 4 | |
| Watch Tower | 60 | |
| Beastiary | 4 | |
| Fortress | 1 | |
83 total
» build order
00:11 Orc Burrow
00:50 Altar of Storms
00:55 Barracks
01:05 Orc Burrow
01:38 Voodoo Lounge
02:50 Stronghold
03:35 War Mill
05:02 Great Hall
05:07 Watch Tower
05:07 Watch Tower
05:31 Beastiary
05:33 Beastiary
05:45 Watch Tower
05:45 Watch Tower
05:55 Orc Burrow
06:05 Orc Burrow
06:21 Watch Tower
08:13 Fortress
09:16 Watch Tower
09:16 Watch Tower
09:17 Watch Tower
09:17 Watch Tower
09:18 Watch Tower
10:40 Orc Burrow
10:46 Beastiary
10:51 Beastiary
12:57 War Mill
13:33 Watch Tower
13:36 Watch Tower
13:39 Watch Tower
17:41 Voodoo Lounge
19:52 Great Hall
19:54 Watch Tower
19:54 Watch Tower
19:54 Watch Tower
19:55 Watch Tower
19:55 Watch Tower
19:56 Watch Tower
19:56 Watch Tower
19:56 Watch Tower
22:08 Voodoo Lounge
24:41 Watch Tower
24:41 Watch Tower
24:42 Watch Tower
24:43 Watch Tower
24:44 Watch Tower
24:46 Watch Tower
24:46 Watch Tower
24:47 Watch Tower
24:48 Watch Tower
24:49 Watch Tower
24:49 Watch Tower
24:51 Watch Tower
24:52 Watch Tower
24:53 Watch Tower
24:53 Watch Tower
24:54 Watch Tower
24:55 Watch Tower
24:56 Watch Tower
24:57 Watch Tower
24:58 Watch Tower
24:58 Watch Tower
24:59 Watch Tower
25:00 Watch Tower
25:04 Watch Tower
25:04 Watch Tower
25:05 Watch Tower
25:05 Watch Tower
28:00 Great Hall
28:18 Watch Tower
28:18 Watch Tower
28:18 Watch Tower
28:19 Watch Tower
28:19 Watch Tower
28:20 Watch Tower
28:20 Watch Tower
28:21 Watch Tower
28:22 Watch Tower
28:22 Watch Tower
28:23 Watch Tower
28:23 Watch Tower
28:26 Voodoo Lounge
63:24 Great Hall
» items
| Healing Salve | 10 | |
| Lesser Clarity Potion | 8 | |
| Scroll of Town Portal | 7 | |
| Orb of Lightning | 1 | |
| Potion of Mana | 6 | |
| Periapt of Vitality | 5 | |
| Staff of Teleportation | 4 | |
| Potion of Healing | 6 | |
| Boots of Speed | 2 | |
| Potion of Invisibility | 2 | |
| Potion of Lesser Invulnerability | 1 | |
| Tiny Great Hall | 5 | |
57 total
Chat log
(00:09 / Allies) Leandro0001: units?
(00:15 / Allies) CAVS-RSUPERTEAM: wyvenr
(00:27 / Allies) CAVS-RSUPERTEAM: relax dude
(00:30 / Allies) Intrigue: hippos chims
(00:32 / Allies) Intrigue: give him a sec
(00:39 / Allies) Leandro0001: all games one or two aplayers afk, fuck
(00:45 / Allies) CAVS-RSUPERTEAM: he'll be back. they have akfer too prob
(00:46 / Allies) Intrigue: goes both way
(01:04 / Allies) Intrigue: who needs tavern?
(01:07 / Allies) CAVS-RSUPERTEAM: if he not back ill take expo
(01:21 / Allies) CAVS-RSUPERTEAM: me
(02:03 / Allies) CAVS-RSUPERTEAM: wyvern bat
(02:08 / Allies) Intrigue: hes here
(02:13 / Allies) Intrigue: didnt' maximize?
(02:21 / Allies) Intrigue: tavern?
(03:24 / Allies) CAVS-RSUPERTEAM: lets get expos after this
(03:28 / Allies) Intrigue: k
(04:00 / Allies) Intrigue: take
(05:34 / Allies) CAVS-RSUPERTEAM: wood gonna buy shredder
(07:21 / Allies) Intrigue: where to?
(09:47 / Allies) CAVS-RSUPERTEAM: go
(09:48 / Allies) CAVS-RSUPERTEAM: expo
(09:56 / Allies) Intrigue: move in
(10:50 / Allies) CAVS-RSUPERTEAM: tp?
(10:57 / Allies) Intrigue: walk
(11:09 / Allies) Leandro0001: go walking
(11:13 / Allies) Intrigue: repair
(11:19 / Allies) Intrigue: mk
(11:19 / Allies) Intrigue: fight
(11:56 / Allies) Intrigue: oj
(11:57 / Allies) Intrigue: wtf
(11:59 / Allies) Intrigue: why did you run
(12:04 / Allies) CAVS-RSUPERTEAM: stay
(12:04 / Allies) CAVS-RSUPERTEAM: tp back
(12:10 / Allies) CAVS-RSUPERTEAM: tp back
(12:52 / Allies) CAVS-RSUPERTEAM: wood
(13:23 / Allies) Intrigue: make trees
(14:55 / Allies) Intrigue: b
(15:04 / Allies) Intrigue: gold please
(17:08 / Allies) Intrigue: fight
(17:09 / Allies) Intrigue: fight
(17:14 / Allies) Intrigue: ugh
(17:14 / Allies) Intrigue: oj
(17:16 / Allies) Intrigue: fucking fight
(17:24 / Allies) CAVS-RSUPERTEAM: i got green
(17:31 / Allies) Leandro0001: out
(18:04 / Allies) Intrigue: share gold pink
(18:05 / Allies) Intrigue: come on
(18:08 / Allies) Intrigue: 7k!
(18:11 / Allies) CAVS-RSUPERTEAM: lawl
(18:24 / Allies) Intrigue: pelase
(18:39 / Allies) Leandro0001: spare gold
(18:45 / Allies) Intrigue: i have zero
(18:57 / Allies) Leandro0001: pink player troll
(18:59 / Allies) Leandro0001: gg
(19:00 / Allies) Intrigue: gold pelase
(19:01 / Allies) CAVS-RSUPERTEAM: dude
(19:02 / Allies) CAVS-RSUPERTEAM: relax
(19:05 / Allies) Intrigue: come on dude
(19:08 / Allies) Intrigue: 7k is ridiculous
(19:15 / Allies) Leandro0001: its troll blue
(19:37 / Allies) Intrigue: get ready to tp
(19:38 / Allies) Intrigue: about to lose
(19:43 / Allies) Intrigue: get wisp out oj
(19:45 / Allies) Intrigue: just in case
(20:03 / Allies) Leandro0001: pink dont help
(20:07 / All) CAVS-RSUPERTEAM: seriously
(20:17 / Allies) Leandro0001: spare gold pink
(20:18 / Allies) Leandro0001: easy
(20:27 / Allies) Intrigue: lead red
(20:37 / Allies) Intrigue: go
(20:40 / Allies) Intrigue: root
(21:52 / All) CAVS-RSUPERTEAM: noob dabu
(21:56 / 7) WallySquad: can't whisper again lawl
(22:28 / Allies) Leandro0001: 7500 gold
(22:44 / Allies) Intrigue: w cavs-rsuperteam
(22:51 / 7) WallySquad: dabu expo nearly dead
(22:53 / Allies) CAVS-RSUPERTEAM: lol
(22:55 / 7) WallySquad: he took aco there
(22:57 / Allies) Leandro0001: spare a fuck gold pink
(22:58 / Allies) Leandro0001: noob
(22:59 / All) Intrigue: thats why the warriors OWNED ur ass
(23:05 / Allies) Leandro0001: send gold green
(23:20 / Allies) Leandro0001: incredible...
(23:20 / Allies) Intrigue: hit oj
(23:50 / 7) WallySquad: dabu spamming towers there
(23:51 / 7) WallySquad: zigs
(24:19 / 7) WallySquad: if u or ur team kill teal expo Ill steal it
(24:28 / 7) WallySquad: actually Ill take dabus
(24:39 / 7) WallySquad: but first I'm gonna tower my base
(25:25 / Allies) Intrigue: rebuild
(25:52 / Allies) Intrigue: back
(25:56 / All) CAVS-RSUPERTEAM: dabu noob
(26:31 / 7) WallySquad: just teals
(26:58 / All) Dabu: stfu and tk ur team alrdy pink
(27:03 / All) CAVS-RSUPERTEAM: lol
(27:07 / All) Dabu: i have child porn to watch after game
(27:13 / Allies) Leandro0001: 10k gold
(27:46 / All) CAVS-RSUPERTEAM: only got 11k gold
(27:49 / All) CAVS-RSUPERTEAM: u guys made me work this game
(28:00 / Allies) Leandro0001: spare gold blue
(28:05 / Allies) Leandro0001: i make units
(28:54 / All) CAVS-RSUPERTEAM: do u have any acos left yellow
(29:14 / 7) WallySquad: doesnt look like it 2 heroes and abom for 14 food
(29:50 / Allies) Leandro0001: defend your exp blue
(29:56 / Allies) Intrigue: cant
(30:08 / All) CAVS-RSUPERTEAM: got enough towers purp?
(30:53 / Allies) Intrigue: wtf
(30:55 / Allies) Intrigue: terrible tp
(30:59 / Allies) CAVS-RSUPERTEAM: they hav eno
(31:02 / Allies) CAVS-RSUPERTEAM: army really
(31:04 / Allies) CAVS-RSUPERTEAM: just spirit breaker
(31:22 / Allies) Intrigue: u gonna lose pink
(31:56 / All) Dabu: purp and pink gonna tower the map
(32:00 / All) Dabu: and then try to tk
(32:11 / Allies) CAVS-RSUPERTEAM: fight at towers
(32:12 / Allies) CAVS-RSUPERTEAM: niggas
(32:14 / All) Dabu: happens about 1 in 20 of my games
(32:15 / Allies) CAVS-RSUPERTEAM: im
(32:17 / All) Dabu: since i only play late at night
(32:19 / All) CAVS-RSUPERTEAM: im joining the frey
(32:31 / Allies) CAVS-RSUPERTEAM: come niggas
(32:40 / All) WallySquad: yellow has some strange ideas!
(32:43 / Allies) Intrigue: i even helped you with the tavern u prick
(32:49 / All) CAVS-RSUPERTEAM: lol
(32:52 / All) CAVS-RSUPERTEAM: we are winning
(32:55 / All) CAVS-RSUPERTEAM: and my team is pisssed
(33:02 / Allies) Intrigue: we are losing
(33:05 / Allies) Intrigue: its 1 v 3
(33:30 / All) CAVS-RSUPERTEAM: yellow is dead
(33:32 / All) CAVS-RSUPERTEAM: green is dead
(33:34 / All) CAVS-RSUPERTEAM: purp is troll
(33:37 / Allies) Intrigue: green sisn't dead
(33:38 / All) CAVS-RSUPERTEAM: and he says we are losing
(33:52 / All) WallySquad: we have more expos so
(34:04 / All) Intrigue: my money is on you guys
(34:07 / Allies) Intrigue: i afk and check back later
(34:09 / All) WallySquad: and better heroes
(34:40 / Allies) CAVS-RSUPERTEAM: we can take them guys
(34:41 / Allies) CAVS-RSUPERTEAM: if u help
(35:46 / 7) WallySquad: lawl didn't see them making it
(35:49 / Allies) CAVS-RSUPERTEAM: who need gold for hero
(36:46 / All) CAVS-RSUPERTEAM: how much gold prup
(36:49 / All) CAVS-RSUPERTEAM: im sitting at 15k
(37:12 / 7) WallySquad: can your team take out teal expo ur side?
(37:22 / All) Dabu: he's at 9k wont share w teal
(37:28 / All) Dabu: even though we could get lust and hh
(37:54 / Allies) CAVS-RSUPERTEAM: tp?
(37:57 / 7) WallySquad: I'd have to tip my hand
(38:05 / Allies) Leandro0001: really?
(38:09 / Allies) Leandro0001: you are ridiculous
(38:54 / 7) WallySquad: now?
(38:54 / Allies) CAVS-RSUPERTEAM: get ready to go
(39:04 / 7) WallySquad: yes
(39:47 / 7) WallySquad: kill teal expo with ur team
(39:52 / 7) WallySquad: if u can
(40:33 / 7) WallySquad: teal other expo collapsed
(40:38 / Allies) Leandro0001: gg pink
(40:42 / All) CAVS-RSUPERTEAM: lol
(40:43 / Allies) Leandro0001: tks for ridiculous lost
(41:03 / All) CAVS-RSUPERTEAM: we are winning sitll
(41:05 / All) CAVS-RSUPERTEAM: and still this team
(41:11 / All) CAVS-RSUPERTEAM: whines and complains
(41:46 / 7) WallySquad: yeah but it's gonna be obvious lawl
(41:47 / Allies) CAVS-RSUPERTEAM: gonna hit teal towers with raiders come wiht me u 3
(41:56 / 7) WallySquad: they hitting u left maybe
(41:59 / 7) WallySquad: ur left expo
(43:00 / All) Dabu: stop making towers hit themselves
(43:05 / All) CAVS-RSUPERTEAM: lol
(43:33 / 7) WallySquad: he has bats waiting on the wings
(44:22 / All) CAVS-RSUPERTEAM: cant believ eonly teal has left so far
(44:47 / 7) WallySquad: yes
(44:49 / 7) WallySquad: take all of them
(44:57 / 7) WallySquad: they trying to take left ur side with teal
(45:53 / Allies) CAVS-RSUPERTEAM: how close to stafall
(45:59 / Allies) Leandro0001: 1 lvl
(46:05 / Allies) CAVS-RSUPERTEAM: exp i mean lol
(46:58 / 7) WallySquad: i'm researching a bunch of bullshit on teal to take his gold lol
(47:29 / Allies) Intrigue: u guys still helping this pussy?
(47:35 / All) CAVS-RSUPERTEAM: gay ass clicks
(47:59 / Allies) Leandro0001: i stay in cam4
(48:08 / Allies) Leandro0001: beauty girls
(49:20 / Allies) Intrigue: lol
(49:22 / Allies) Intrigue: you noob
(49:24 / Allies) Leandro0001: uhauhauhahuahuahuauhahuahua
(49:32 / All) CAVS-RSUPERTEAM: my team is laughing at me
(49:38 / Allies) Intrigue: because ur a prick
(49:48 / Allies) Leandro0001: 10 minutes to ready hero
(49:55 / Allies) Leandro0001: i back to dcam4 now
(50:13 / 7) WallySquad: I was trying to make the bats ineffective but u guys didnt target them
(50:22 / 7) WallySquad: they have no way to rebuild
(51:07 / 7) WallySquad: hit yellow I can staff if need be
(51:46 / All) CAVS-RSUPERTEAM: Y he leave
(51:58 / All) WallySquad: I don't know but he left a cryptic message bfore he went
(52:05 / Allies) Leandro0001: search girl pocahont in cam4
(52:10 / Allies) Leandro0001: very beaty pussy
(52:19 / All) CAVS-RSUPERTEAM: out dabu
(52:55 / All) Dabu: gg purp u win
(52:56 / 7) WallySquad: gonna kill ur team hero
(53:31 / All) WallySquad: WHAT DO U MEAN
(53:40 / All) WallySquad: WHEN U NOD UR HEAD YEAH BUT U TELL ME TO GO WHAT DO U MEAN
(53:44 / All) CAVS-RSUPERTEAM: lawl
(53:55 / 7) WallySquad: how many do they have left
(54:38 / All) WallySquad: sadly didn't have mana for bladestorm didn't realize
(54:38 / All) CAVS-RSUPERTEAM: lawl
(54:42 / All) CAVS-RSUPERTEAM: blue got wrecked
(54:48 / All) CAVS-RSUPERTEAM: for some reason my towers didnt hit you, purple
(55:01 / All) WallySquad: what an odd occurence
(55:07 / All) WallySquad: must have been a bnet glitch
(55:25 / All) CAVS-RSUPERTEAM: when my heor died at right side expo they were all mass "LOLING" at me
(55:29 / All) CAVS-RSUPERTEAM: after they said they were going afk
(56:20 / 7) WallySquad: yeah
(56:24 / 7) WallySquad: gonna buy boots of speed for mk
(57:06 / 7) WallySquad: where are they
(58:05 / All) CAVS-RSUPERTEAM: lol
(58:15 / All) WallySquad: he died bravely
(58:18 / All) WallySquad: in a clusterfuck
(58:23 / All) CAVS-RSUPERTEAM: should i wrap this up
(58:29 / All) WallySquad: yeh
(58:37 / All) CAVS-RSUPERTEAM: if they dont know by now they neve rwill
(58:46 / All) WallySquad: c
(58:49 / All) WallySquad: Can't buy ally hero
(61:32 / All) CAVS-RSUPERTEAM: cant outrun a lvl 8 tinker yo
(61:41 / 7) WallySquad: where
(62:35 / All) WallySquad: tt
(62:46 / All) CAVS-RSUPERTEAM: adora nightshade rip
(62:49 / All) WallySquad: you can hide from me but you can't hide from the long arm of the law
(64:31 / All) CAVS-RSUPERTEAM: who would utake in his prime, curry or john stockston
(66:31 / 7) WallySquad: I'm aware
(66:43 / 7) WallySquad: dabu repeated teh same line green used lol
(66:45 / All) CAVS-RSUPERTEAM: red stillhere
(66:46 / 7) WallySquad: before he left
(66:47 / All) CAVS-RSUPERTEAM: he pinged u
(66:53 / All) CAVS-RSUPERTEAM: which was
(67:00 / All) WallySquad: "gg purp u win"
(67:04 / All) CAVS-RSUPERTEAM: lawl
(67:12 / All) CAVS-RSUPERTEAM: dabu knew from the start
(67:13 / Allies) Leandro0001: i stay in cam4 guy
(67:14 / All) CAVS-RSUPERTEAM: smart lad
(67:18 / All) CAVS-RSUPERTEAM: red just said
(67:20 / Allies) Leandro0001: girl off now
(67:21 / 7) WallySquad: do you have units?
(67:22 / All) CAVS-RSUPERTEAM: "i stay in cam4 guy"
(67:26 / All) CAVS-RSUPERTEAM: 'girl off now"
(67:37 / All) WallySquad: if dabu's so smart why'd he let it happen with no resistance
(67:49 / All) CAVS-RSUPERTEAM: he tried to defend his expo valiantly
(67:50 / All) WallySquad: dabu is the eeyore of bnet
(67:52 / All) CAVS-RSUPERTEAM: i think he knew
(68:02 / All) CAVS-RSUPERTEAM: we all 0/0
(68:04 / All) CAVS-RSUPERTEAM: 3 toewr
(68:21 / All) CAVS-RSUPERTEAM: end it so i can check chat red is a jaja brazilian spic
(68:32 / All) WallySquad: U WILL DIE
(68:34 / All) WallySquad: DEATH TO BRAZEW
(68:40 / All) CAVS-RSUPERTEAM: usa #1
(68:44 / All) WallySquad: USA USA USA
(68:44 / All) CAVS-RSUPERTEAM: brazil #99
(68:52 / All) WallySquad: USA!
(68:53 / All) WallySquad: USA!
(68:55 / All) WallySquad: USA!
(69:00 / All) WallySquad: YOO ES AY! YOO ES AY!
(69:16 / All) WallySquad: AMERICA FOR WHITES
(69:18 / All) WallySquad: AFRICA FOR BLACKS
(69:22 / All) WallySquad: BRAZEW FOR MONKEYS